 Dungeon Crawl Stone Soup version 0.23.2-1-ga50397a (webtiles) character file.

Game seed: 524594202427654279

121 MajorAdolf the Bolt Thrower (level 5, -7/49 HPs)
             Began as a Naga Wanderer on Apr 25, 2019.
             Mangled by a centaur (8 damage)
             ... on level 3 of the Dungeon.
             The game lasted 00:07:57 (2852 turns).

MajorAdolf the Bolt Thrower (Naga Wanderer)         Turns: 2852, Time: 00:07:58

Health: -7/49      AC:  6    Str: 15    XL:     5   Next: 5%
Magic:  6/6        EV:  7    Int: 15    God:
Gold:   102        SH:  0    Dex:  8    Spells: 6/6 levels left

rFire    . . .     SeeInvis +   i - +2 dagger (speed)
rCold    . . .     Gourm    .   (no shield)
rNeg     . . .     Faith    .   m - +0 scale mail
rPois    +         Spirit   .   o - +0 helmet
rElec    .         Reflect  .   (no cloak)
rCorr    .         Harm     .   (no gloves)
MR       .....                  (no barding)
Stlth    ..........             (no amulet)
HPRegen  0.16/turn              (no ring)
MPRegen  0.10/turn              (no ring)

@: short of breath, very slow
A: large, see invisible, deformed body, poison resistance, slowness 2, slow
metabolism 1, spit poison 1, AC +1
a: Spit Poison


You were on level 3 of the Dungeon.
You were not hungry.

You visited 1 branch of the dungeon, and saw 4 of its levels.

You collected 102 gold pieces.

Inventory:

Hand Weapons
 i - a +2 dagger of speed (weapon)
Missiles
 b - 27 bolts
Armour
 d - a +0 robe
 m - a +0 scale mail (worn)
 o - a +0 helmet (worn)
 q - a +0 ring mail
Scrolls
 a - 3 scrolls of amnesia
 h - a scroll of identify
 j - a scroll of immolation {unknown}
 l - a scroll of fear {unknown}
 n - a scroll of remove curse {unknown}
 r - a scroll of blinking {unknown}
Potions
 c - a potion of curing {unknown}
 e - a potion of might {unknown}
 k - a potion of cancellation {unknown}
 p - a potion of flight {unknown}
Comestibles
 f - 7 rations


   Skills:
 - Level 3.0 Fighting
   Level 3.6 Crossbows
 + Level 2.6 Armour
 - Level 1.5 Stealth
   Level 1.0 Shields
 - Level 1.0 Spellcasting
   Level 1.0 Fire Magic
   Level 1.3 Poison Magic


You had 6 spell levels left.
You didn't know any spells.
Your spell library contained the following spells:

 Spells                   Type           Power        Failure   Level  Hunger
 Searing Ray              Conj           #.....       80%         2    ###....
 Throw Frost              Conj/Ice       #.....       80%         2    ###....


Dungeon Overview and Level Annotations

Branches:
Dungeon (4/15)
 Temple: D:4-7

Altars:
Cheibriados

Annotations:
D:3 exclusion: downstairs


Innate Abilities, Weirdness & Mutations

You cannot wear boots.
Your serpentine skin is tough. (AC +1)
You have supernaturally acute eyesight. (SInv)
Armour fits poorly on your strangely shaped body.
Your system is resistant to poisons. (rPois)
You cover ground very slowly.
You have a slow metabolism.
You can spit poison.


Message History

The splash of poison hits the centaur.
The centaur is heavily wounded.
You feel slightly more hungry. The centaur hits you.
Unknown command.
You hit the centaur.
The centaur is severely wounded.
The centaur hits you.
* * * LOW HITPOINT WARNING * * *
You closely miss the centaur.
The centaur is severely wounded.
The centaur hits you.
* * * LOW HITPOINT WARNING * * *
The centaur hits you!
* * * LOW HITPOINT WARNING * * *
Unknown command.
Okay, then.
You hit the centaur.
The centaur is severely wounded.
The centaur hits you!
You die...

#.# ..... #.##
.... #..# ...
##.# ..# #..#
..# #.## ##..#
#.## #c..#
#..# #@## ##.#
#.(#### #..#
##....### #.##
####...#####.#
###...##..#
###....##
######


You could see a centaur.

Vanquished Creatures
  5 adders
  3 oozes
  A worm (D:2)
  A dart slug (D:1)
  2 leopard geckos
  A giant cockroach (D:3)
  6 hobgoblins
  3 jackals (D:3)
  6 kobolds
  2 quokkas
  4 bats (D:1)
  3 frilled lizards
  10 goblins
  5 rats
52 creatures vanquished.

Notes
Turn   | Place    | Note
-------+----------+-------------------------------------------
     0 | D:1      | MajorAdolf the Naga Wanderer began the quest for the Orb.
     0 | D:1      | MajorAdolf set off with the following items: a +2 hand
                  | crossbow, 27 bolts, a +0 robe, a ration; and the following
                  | spells available to memorise: Searing Ray, Throw Frost
     0 | D:1      | Reached XP level 1. HP: 18/18 MP: 2/2
   461 | D:1      | Reached XP level 2. HP: 26/26 MP: 3/3
   756 | D:1      | Reached XP level 3. HP: 23/33 MP: 4/4
  1273 | D:2      | Found a snail-covered altar of Cheibriados.
  1451 | D:2      | Reached skill level 1 in Armour
  1551 | D:2      | Reached XP level 4. HP: 25/42 MP: 5/5
  1802 | D:2      | Noticed a phantom
  2026 | D:4      | Noticed a centaur
  2655 | D:3      | Reached XP level 5. HP: 46/49 MP: 6/6
  2839 | D:3      | Noticed a centaur
  2851 | D:3      | HP: 1/49 [centaur (7)]
  2852 | D:3      | Mangled by a centaur

Skill      XL: |  1  2  3  4 |
---------------+-------------+-----
Fighting       | 2 3 |  3.0
Armour         | 1 2 |  2.6
Crossbows      | |  3.6
Stealth        | |  1.5
Shields        | |  1.0
Spellcasting   | |  1.0
Fire Magic     | |  1.0
Poison Magic   | |  1.3

Action                   |  1- 3 |  4- 6 || total
-------------------------+-------+-------++-------
Melee: Unarmed           |    17 |       ||    17
       Short sword       |    26 |       ||    26
       Dagger            |    27 |    74 ||   101
 Abil: Spit Poison       |    33 |    15 ||    48
  Use: Scroll            |       |     4 ||     4
       Potion            |       |     1 ||     1
 Stab: Sleeping          |     1 |       ||     1
  Eat: Chunk             |     3 |     4 ||     7
Armor: Robe              |    11 |       ||    11
       Scale mail        |    12 |    24 ||    36
Dodge: Dodged            |    24 |    26 ||    50
